 Dungeon Crawl Stone Soup version 0.29-a0-231-g945431f764 (webtiles) character file.

Game seed: 1289990529164465100

99 testman the Shooter (level 4, -1/41 HPs)
             Began as a Minotaur Hunter on Feb 28, 2022.
             Was a Believer of Wu Jian.
             Slain by a scorpion (6 damage)
             ... on level 3 of the Dungeon.
             The game lasted 00:05:49 (1502 turns).

testman the Shooter (Minotaur Hunter)               Turns: 1502, Time: 00:05:50

Health: -1/41      AC:  3    Str: 16    XL:     4   Next: 45%
Magic:  3/3        EV: 12    Int:  8    God:    Wu Jian [**....]
Gold:   171        SH:  0    Dex: 13    Spells: 3/3 levels left

rFire   . . .      SeeInvis .   a - +1 shortbow
rCold   . . .      Faith    .   (shield currently unavailable)
rNeg    . . .      Spirit   .   b - +0 leather armour
rPois   .          Reflect  .   (helmet restricted)
rElec   .          Harm     .   (no cloak)
rCorr   .          Rampage  .   (no gloves)
Will    .....                   (no boots)
Stlth   +.........              (no amulet)
HPRegen 0.13/turn               (no ring)
MPRegen 0.08/turn               (no ring)

@: lethally poisoned (-1 -> -6)
A: horns 2, retaliatory headbutt
a: Renounce Religion, Wall Jump


You were on level 3 of the Dungeon.
You worshipped Wu Jian.
Wu Jian was pleased with you.
You visited 1 branch of the dungeon, and saw 3 of its levels.

You collected 171 gold pieces.

Inventory:

Hand Weapons
 a - a +1 shortbow (weapon)
Armour
 b - a +0 leather armour (worn)
Jewellery
 h - an amulet of the acrobat
Scrolls
 c - a scroll of fog {unknown}
 d - 2 scrolls of teleportation {unknown}
 e - a scroll of immolation {unknown}
 f - a scroll of amnesia {unknown}
 g - 2 scrolls of identify {unknown}
 j - a scroll of vulnerability {unknown}
Potions
 i - 2 potions of curing {unknown}


   Skills:
 + Level 4.3 Fighting
 + Level 5.5 Bows
 - Level 2.1 Dodging
 - Level 0.7 Stealth


You had 3 spell levels left.
You didn't know any spells.
Your spell library was empty.

Dungeon Overview and Level Annotations

Branches:
Dungeon (3/15)

Altars:
Wu Jian


Innate Abilities, Weirdness & Mutations

You have a pair of horns on your head.
You reflexively headbutt those who attack you in melee.


Message History

You shoot an arrow.
The arrow hits the scorpion but does no damage.
The scorpion is moderately wounded.
You feel sick. The scorpion stings you. The scorpion barely misses you.
You shoot an arrow.
The arrow hits the scorpion but does no damage.
The scorpion is moderately wounded.
You feel sick. The scorpion stings you.
You are more poisoned.
The scorpion poisons you!
You shoot an arrow. The arrow barely misses the scorpion.
You feel very sick. The scorpion stings you. The scorpion barely misses you.
You are too injured to fight recklessly!
You are too injured to fight recklessly!
Shoot: a) +1 shortbow
Press: ? - help, Q - select action, (/) - cycle Shift-Dir - straight line, f/p - scorpion
Aim: a scorpion (moderately wounded, 63% to hit)
You shoot an arrow. The arrow hits the scorpion.
The scorpion is heavily wounded.
You feel very sick. The scorpion closely misses you.
Shoot: a) +1 shortbow
Press: ? - help, Q - select action, (/) - cycle Shift-Dir - straight line, f/p - scorpion
Aim: a scorpion (heavily wounded, 63% to hit)
You shoot an arrow.
The arrow hits the scorpion but does no damage.
The scorpion is heavily wounded.
You feel very sick. The scorpion closely misses you. The scorpion stings you.
* * * LOW HITPOINT WARNING * * *
Shoot: a) +1 shortbow
Press: ? - help, Q - select action, (/) - cycle Shift-Dir - straight line, f/p - scorpion
Aim: a scorpion (heavily wounded, 63% to hit)
You shoot an arrow.
The arrow hits the scorpion but does no damage.
The scorpion is heavily wounded.
* * * LOW HITPOINT WARNING * * *
You feel sick. The scorpion stings you.
You die...

.# # .# .### .### ....
.... #. #.. ...
#..##.##.# #
.....$s..####.#
.......@.......
.#.####........
#..#.##.# .#. #..#.# #
##.#.## #..#.## ..
(....# #.....#.#
###.#####.#..###.......#
.......##.#............#
.......#...#.###.>....##


You could see a scorpion.

Vanquished Creatures
  3 gnolls (D:2)
  2 adders
  6 ball pythons
  8 bats
  4 endoplasms
  4 giant cockroaches
  5 goblins
  4 hobgoblins (D:2)
  2 jackals (D:1)
  4 quokkas (D:1)
  A frilled lizard (D:1)
  3 kobolds
  3 rats (D:2)
49 creatures vanquished.

Notes
Turn   | Place    | Note
-------+----------+-------------------------------------------
     0 | D:1      | testman the Minotaur Hunter began the quest for the Orb.
     0 | D:1      | Reached XP level 1. HP: 18/18 MP: 0/0
    51 | D:1      | Found a faded altar of an unknown god.
    64 | D:1      | Prayed at the altar of an unknown god.
    64 | D:1      | Became a worshipper of the Wu Jian Council
    64 | D:1      | Reached * piety under Wu Jian
   132 | D:1      | Reached XP level 2. HP: 25/25 MP: 1/1
   811 | D:2      | Reached skill level 5 in Bows
   811 | D:2      | Reached XP level 3. HP: 31/31 MP: 2/2
   817 | D:2      | Reached ** piety under Wu Jian
   899 | D:2      | Reached XP level 4. HP: 40/40 MP: 3/3
  1491 | D:3      | Noticed a scorpion
  1502 | D:3      | Slain by a scorpion

Illustrated notes

Levels and vault maps discovered:
D:1:      psy_arrival_dodecagon, layout_basic,
          dreamdust_ecumenical_altar_statues, minivault_26
D:2:      layout_basic
D:3:      layout_loops_ring, kennysheep_cluttered_room,
          minmay_randomly_rotated_circles, uniq_ijyb

Skill      XL: |  1  2  3 |
---------------+----------+-----
Fighting       | 3 4 |  4.3
Bows           | 5 |  5.5
Dodging        | |  2.1
Stealth        | |  0.7

Action                   |  1- 3 |  4- 6 || total
-------------------------+-------+-------++-------
 Fire: Shortbow          |    96 |    53 ||   149
Armor: Leather armour    |    14 |     4 ||    18
Dodge: Dodged            |    27 |     9 ||    36

Table legend: (Time is in decaauts)
 A = Elapsed time spent in this place.
 B = Non-inter-level travel time spent in this place.
 C = Inter-level travel time spent in this place.
 D = Time resting spent in this place.
 E = Time spent auto-exploring this place.
 F = Levels seen in this place.
 G = Mean time per level.
                   A        B        C        D        E       F      G
               +--------+--------+--------+--------+--------+-----+--------+
         Total |   1542 |   1506 |     36 |      0 |   1235 |   3 |  514.0 |
       Dungeon |   1542 |   1506 |     36 |      0 |   1235 |   3 |  514.0 |
               +--------+--------+--------+--------+--------+-----+--------+

Top non-repeatable levels by time:
     D:1: 805 daAuts
     D:2: 592 daAuts
     D:3: 143 daAuts
